 Dungeon Crawl Stone Soup version 0.28.0 (webtiles) character file.

Game seed: 9997396310188070944

52 Ashex the Shield-Bearer (level 3, -1/24 HPs)
             Began as a Gargoyle Fighter on Feb 11, 2022.
             Killed by divine providence
             ... invoked by an orc priest
              (8 damage)
             ... on level 3 of the Dungeon.
             The game lasted 00:07:10 (2404 turns).

Ashex the Shield-Bearer (Gargoyle Fighter)          Turns: 2404, Time: 00:07:11

Health: -1/24      AC: 11    Str: 21    XL:     3   Next: 85%
Magic:  3/3        EV:  9    Int:  8    God:
Gold:   86         SH:  4    Dex:  9    Spells: 2/2 levels left

rFire   . . .      SeeInvis .   a - +0 flail
rCold   . . .      Faith    .   c - +0 buckler
rNeg    + . .      Spirit   .   b - +0 scale mail
rPois   ∞          Reflect  .   i - +0 helmet
rElec   +          Harm     .   (no cloak)
rCorr   .          Rampage  .   (no gloves)
Will    .....                   (no boots)
Stlth   ..........              (no amulet)
HPRegen 0.08/turn               (no ring)
MPRegen 0.08/turn               (no ring)

@: no status effects
A: sickness immunity, AC +3, negative energy resistance 1, electricity
resistance, torment resistance 1, petrification resistance
a: no special abilities


You were on level 3 of the Dungeon.
You visited 1 branch of the dungeon, and saw 3 of its levels.

You collected 86 gold pieces.

Inventory:

Hand Weapons
 a - a +0 flail (weapon)
 f - a +0 club
 o - a +0 flail
 p - a +0 falchion of freezing
Armour
 b - a +0 scale mail (worn)
 c - a +0 buckler (worn)
 i - a +0 helmet (worn)
Scrolls
 g - 2 scrolls of identify {unknown}
 k - a scroll of summoning {unknown}
 l - a scroll of amnesia {unknown}
 m - a scroll of torment {unknown}
 n - a scroll of teleportation {unknown}
Potions
 d - a potion of might
 e - a potion of resistance {unknown}
 h - a potion of curing {unknown}
 j - a potion of brilliance {unknown}


   Skills:
 + Level 3.8 Fighting
 + Level 2.6 Maces & Flails
 + Level 3.5 Armour
 + Level 0.2 Dodging
 + Level 4.0 Shields


You had 2 spell levels left.
You didn't know any spells.
Your spell library was empty.

Dungeon Overview and Level Annotations

Branches:
Dungeon (3/15)

Altars:


Innate Abilities, Weirdness & Mutations

You are immune to sickness and miasma.
Your stone body is resilient. (AC +3)
You are immune to poison.
You resist negative energy. (rN+)
You are resistant to electric shocks. (rElec)
You are resistant to unholy torment.
You are immune to petrification.


Message History

You sock the rat!
You kill the rat!
You block the orc's attack. The orc hits you but does no damage.
The orc hits you but does no damage.
You see here a rat corpse.
You thump the orc!
You kill the orc!
Things that are here:
a +0 falchion of freezing; a +0 leather armour; an orc corpse
p - a +0 falchion of freezing You now have 86 gold pieces (gained 11).
You see here a rat corpse.
Found a stone staircase leading up.
There is a stone staircase leading up here.
An orc comes into view. It is wielding a +0 mace.
The orc shouts!
An orc comes into view. It is wielding a +0 trident.
The orc shouts!
An orc priest comes into view. It is wielding a +0 short sword.
The orc priest shouts!
An orc comes into view. It is wielding a +0 flail.
The orc shouts!
The orc completely misses you. You block the orc's attack.
You closely miss the orc. You block the orc's attack.
The orc closely misses you. The orc hits you but does no damage. x2
You hit the orc.
The orc is lightly wounded.
The orc hits you with a +0 flail. The orc misses you.
The orc hits you with a +0 mace! The orc hits you with a +0 flail.
* * * LOW HITPOINT WARNING * * *
The orc barely misses you. The orc barely misses you.
You block the orc's attack. The orc hits you but does no damage. x2
You hear the slow rusting of a very distant drain.
You see here a rat corpse.
The orc priest invokes the aid of Beogh against you.
Beogh smites you!
You die...

#.######.......#
#.#####.<#...###
#.......###..#
#..####..#.o.#
##.....#
#.##...o.#######
#....#..o.......
####...o[#######
##.#@........
.######.#.........
..........########
########.###
#.<......#
#.######## (# ...
#.# .# ... #.#
.#..# #.# .#..##


You could see an orc priest and 3 orcs.

Vanquished Creatures
  2 worms (D:2)
  A dart slug (D:2)
  An orc (D:3)
  3 ball pythons
  5 endoplasms
  4 giant cockroaches
  3 goblins
  4 hobgoblins
  2 quokkas
  4 bats
  4 frilled lizards
  2 kobolds
  6 rats
41 creatures vanquished.

Notes
Turn   | Place    | Note
-------+----------+-------------------------------------------
     0 | D:1      | Ashex the Gargoyle Fighter began the quest for the Orb.
     0 | D:1      | Reached XP level 1. HP: 14/14 MP: 1/1
   111 | D:1      | Reached XP level 2. HP: 18/19 MP: 2/2
   581 | D:1      | Found a faded altar of an unknown god.
  1289 | D:2      | Reached XP level 3. HP: 24/24 MP: 3/3
  1999 | D:2      | Reached skill level 4 in Shields
  2404 | D:3      | Killed from afar by an orc priest

Illustrated notes

Levels and vault maps discovered:
D:1:      matt_arrival_grand_opening, layout_basic,
          chequers_ecumenical_altar_grove
D:2:      minmay_chambers_of_ones, layout_basic
D:3:      layout_loops_ring, portal_sewer_entry_c, hangedman_decor_growths,
          fountainhead, chequers_serial_rivers_small_a,
          chequers_serial_rivers_large_a

Skill      XL: |  1  2  3 |
---------------+----------+-----
Shields        | 4 |  4.0
Fighting       | |  3.8
Maces & Flails | |  2.6
Armour         | |  3.5
Dodging        | |  0.2

Action                   || total
-------------------------++-------
Melee: Flail             ||   116
Armor: Scale mail        ||    48
Dodge: Dodged            ||    72
Block: Buckler           ||    37
